 Dungeon Crawl Stone Soup version 0.28-a0-941-g140ffa10cf (webtiles) character file.

Game seed: 14280512046930149991

93985 Hipnos the Sorcerer (level 15, -17/76 HPs)
             Began as a Deep Elf Ice Elementalist on Nov 29, 2021.
             Was a High Priest of Vehumet.
             Hit by a large rock thrown by a cyclops (27 damage)
             ... on level 14 of the Dungeon.
             The game lasted 02:07:01 (34005 turns).

Hipnos the Sorcerer (Deep Elf Ice Elementalist)    Turns: 34005, Time: 02:07:02

Health: -17/76     AC:  9    Str:  5    XL:     15   Next: 62%
Magic:  7/52       EV: 10    Int: 30    God:    Vehumet [*****.]
Gold:   1269       SH: 10    Dex: 15    Spells: 5/58 levels left

rFire   + . .      SeeInvis +   G - staff of cold
rCold   + + .      Faith    .   d - +2 kite shield {rC+}
rNeg    . . .      Spirit   .   X - +3 leather armour {rF+}
rPois   .          Reflect  .   h - +0 hat {SInv}
rElec   .          Harm     .   (no cloak)
rCorr   .          Rampage  .   n - +1 pair of gloves
Will    +++..                   L - +0 pair of boots
Stlth   ++........              (no amulet)
HPRegen 0.22/turn               f - ring of magical power
MPRegen 0.33/turn               a - ring of the Mage {Wiz Will++ Int+3}

@: marked, studying Ice Magic
A: no striking features
a: Renounce Religion


You were on level 14 of the Dungeon.
You worshipped Vehumet.
Vehumet was extremely pleased with you.
You visited 3 branches of the dungeon, and saw 22 of its levels.
You also visited: Bailey and Ice Cave.

You collected 2419 gold pieces.
You spent 1150 gold pieces at shops.

Inventory:

Hand Weapons
 k - the +2 morningstar "Lot Gyfo" {flame, rC+ Dex+4}
   (You found it in a bailey)

   It burns those it strikes, dealing additional fire damage.
   Dex:       It affects your dexterity (+4).
   rC:        It protects you from cold.
 Z - the +1 war axe of Kismet {flame, *Rage Fly rF+++ Dex-3}
   (You found it on level 2 of the Lair of Beasts)

   It burns those it strikes, dealing additional fire damage.
   Big, fiery blades are also staple armaments of hydra-hunters.
   Dex:       It affects your dexterity (-3).
   rF:        It renders you almost immune to fire.
   Fly:       It grants you flight.
   *Rage:     It berserks you when you make melee attacks (+20% chance).
Armour
 b - a +2 helmet of see invisible
 d - a +2 kite shield of cold resistance (worn)
 h - a +0 hat of see invisible (worn)
 n - a +1 pair of gloves (worn)
 r - a +2 robe of fire resistance
 L - a +0 pair of boots (worn)
 X - a +3 leather armour of fire resistance (worn)
Magical Staves
 G - a staff of cold (weapon)
Jewellery
 a - the ring of the Mage (right hand) {Wiz Will++ Int+3}
   (You bought it in a shop on level 2 of the Orcish Mines)

   [ring of wizardry]

   It improves your spell success rate.
   Int:       It affects your intelligence (+3).
   Will:      It greatly increases your willpower.
 f - a ring of magical power (left hand)
 g - a +4 ring of slaying
 q - a +4 ring of protection
 B - a ring of ice
 D - a ring of poison resistance
 E - a +6 ring of intelligence
 I - a ring of fire
 J - a +4 ring of protection
 K - a ring of positive energy
 M - a ring of protection from cold
 Q - a ring of wizardry
 R - a ring of wizardry
 S - a +6 ring of intelligence
 V - a +6 ring of intelligence
 W - a ring of protection from cold
 Y - a ring of ice
Wands
 l - a wand of flame (24)
 p - a wand of acid (8)
 y - a wand of digging (6)
 z - a wand of polymorph (29)
 H - a wand of iceblast (26)
 N - a wand of mindburst (11)
 O - a wand of paralysis (3)
Scrolls
 c - 4 scrolls of magic mapping
 i - a scroll of summoning
 j - 6 scrolls of enchant weapon
 s - 6 scrolls of teleportation
 u - a scroll of holy word {unknown}
 C - 5 scrolls of identify
 P - a scroll of fear
 T - 2 scrolls of blinking
 U - 3 scrolls of fog
Potions
 e - a potion of might
 m - a potion of resistance
 o - 4 potions of haste
 t - 2 potions of cancellation
 w - a potion of berserk rage
 x - a potion of heal wounds
 A - 2 potions of flight
 F - a potion of curing
Miscellaneous
 v - a lightning rod (4/4)


   Skills:
 + Level 2.1 Fighting
 - Level 1.0 Short Blades
 * Level 1.4 Armour
 + Level 5.6 Dodging
 - Level 2.4 Stealth
 * Level 1.1 Shields
 + Level 22.3 Spellcasting
 + Level 14.0 Conjurations
 - Level 6.0 Summonings
 - Level 0.5 Necromancy
 + Level 11.5 Fire Magic
 * Level 14.6 Ice Magic
 - Level 2.0 Air Magic


You had 5 spell levels left.
You knew the following spells:

 Your Spells              Type           Power      Damage    Failure   Level
a - Freeze                Ice            100%       1d11      1%          1
b - Frozen Ramparts       Ice            100%       1d12      1%          3
c - Ozocubu's Armour      Ice            100%       N/A       1%          3
d - Hailstorm             Conj/Ice       100%       3d20      1%          4
e - Dispel Undead         Necr           36%        3d15      30%         4
f - Foxfire               Conj/Fire      100%       2x1d9     1%          1
g - Scorch                Fire           100%       2d10      1%          2
h - Dazzling Flash        Conj/Hex       100%       N/A       1%          3
i - Airstrike             Air            22%        N/A       4%          4
j - Lightning Bolt        Conj/Air       34%        1d52      1%          5
k - Starburst             Conj/Fire      41%        6d12      1%          6
l - Spellforged Servitor  Conj/Summ      38%        N/A       14%         7
m - Swiftness             Air            45%        N/A       5%          3
n - Orb of Destruction    Conj           43%        9d14      3%          7

Your spell library contained the following spells:

 Spells                   Type           Power      Damage    Failure   Level
 Lee's Rapid Deconstruct  Erth           16%        3d11*     26%         5
 Magic Dart               Conj           100%       1d8       1%          1
 Sandblast                Erth           66%        2d15      1%          1
 Call Imp                 Summ           63%        N/A       1%          2
 Ensorcelled Hibernation  Hex/Ice        100%       N/A       1%          2
 Mephitic Cloud           Conj/Pois/Air  60%        N/A       1%          3
 Stone Arrow              Conj/Erth      100%       3d13      1%          3
 Flame Wave               Conj/Fire      83%        2d12      1%          4
 Sticky Flame             Conj/Fire      83%        2d9       1%          4
 Pain                     Necr           100%       1d9       3%          1
 Corpse Rot               Necr/Air       82%        N/A       3%          2
 Summon Guardian Golem    Hex/Summ       51%        N/A       3%          3
 Passwall                 Tmut/Erth      27%        N/A       6%          2
 Gell's Gravitas          Tloc           33%        N/A       12%         3
 Spider Form              Tmut/Pois      33%        N/A       12%         3
 Teleport Other           Tloc           33%        N/A       12%         3
 Animate Armour           Summ/Erth      100%       N/A       12%         4
 Summon Mana Viper        Hex/Summ       51%        N/A       30%         5
 Silence                  Hex/Air        19%        N/A       54%         5
 Agony                    Necr           36%        N/A       61%         5
 Excruciating Wounds      Necr           18%        N/A       61%         5
 Monstrous Menagerie      Summ           31%        N/A       92%         7
 Lehudib's Crystal Spear  Conj/Erth      33%        10d8      94%         8
 Death Channel            Necr           18%        N/A       99%         6
 Dispersal                Tloc           16%        N/A       99%         6
 Chain Lightning          Conj/Air       34%        3d46      100%        9


Dungeon Overview and Level Annotations

Branches:
Dungeon (14/15)            Temple (0/1) D:5            Lair (6/6) D:11
  Swamp (0/4) Lair:2       Spider (0/4) Lair:3        Slime (0/5) Lair:5
    Orc (2/2) D:9             Elf (0/3) Orc:2        Bailey (visited)
  IceCv (visited)
 Vaults: D:13-14

Altars:
Elyvilon
Hepliaklqana
Kikubaaqudgha
Ru
Trog
Uskayaw
Vehumet
Xom
Zin
Beogh
Jiyva

Shops:
Orc:2 (=:![

Portals:
Trove: D:10 (give +2 fire dragon scales)

Annotations:
Lair:4 3 runed translucent doors, Atont's ghost, journeyman DDFi


Message History

You resist.
The orb of destruction hits the five-headed hydra!!!
The five-headed hydra is almost dead.
A two-headed ogre comes into view.
It is wielding a +0 giant club and a +0 giant spiked club.
Your spellforged servitor conjures a glowing orb.
The frozen ramparts melt away.
The orb of destruction hits the efreet!!!
You blow up the efreet!
Vehumet accepts your kill.
You feel your power returning.
Your Conjurations skill increases to level 14!
Your spellforged servitor launches a ball of destructive magic.
The wavering orb of destruction hits the five-headed hydra!!!
The five-headed hydra is blown up!
Vehumet accepts your kill.
Your spellforged servitor conjures a glowing orb.
A cyclops comes into view.
Casting: Orb of Destruction (dangerous; 3% risk of failure)
Confirm with . or Enter, or press ? or * to list all spells.
Aiming: Freeze (safe; 1% risk of failure)
Press: ? - help, Shift-Dir - straight line, f - two-headed ogre
Aim: a two-headed ogre, wielding a +0 giant club and a +0 giant spiked club (ally target)
You feel a surge of power!
You freeze the two-headed ogre!
The two-headed ogre is moderately wounded.
Unknown command.
Casting: Freeze (safe; 1% risk of failure)
Confirm with . or Enter, or press ? or * to list all spells.
Flames lash the two-headed ogre.
The two-headed ogre is heavily wounded.
The two-headed ogre's fire resistance burns away.
The two-headed ogre hits you with a +0 giant club!
The two-headed ogre hits you with a +0 giant spiked club!!
* * * LOW HITPOINT WARNING * * *
Your spellforged servitor conjures an orb of pure magic.
The wavering orb of destruction weakly hits the two-headed ogre!!!
The two-headed ogre is blown up!
Vehumet accepts your kill.
Your orb of destruction hits a rock wall.
The cyclops throws a large rock.
The large rock hits you!!
You die...

...... ..... .
..#. .# ... ..
###..#.#
##......#
#.....#.#..
#.@9.†....
#..†)°.....
#.†...°....
....)..○....
........○(..#
..)#.....○.#..#
...#...○○..#.C.
.. ...#..... ..


You could see a cyclops and a friendly spellforged servitor (summoned).

Vanquished Creatures
  Gastronok (D:9)
  A frost giant (IceCv)
  Nessos (Lair:5)
  2 boulder beetles
  Fannar (Lair:2)
  5 hydras
  2 centaur warriors
  3 ogre magi
  9 two-headed ogres
  12 death yaks
  A skeletal warrior (D:10)
  A glowing orange brain (shapeshifter) (D:14)
  5 orc knights
  2 swamp dragons
  Pikel (D:6)
  9 orc sorcerers
  A deep elf pyromancer (D:13)
  4 cyclopes
  2 manticores
  5 black mambas
  Joseph (D:9)
  An ice statue (IceCv)
  12 cane toads
  14 elephants
  2 gargoyles
  Maggie (D:9)
  2 torpor snails
  An unseen horror (D:10)
  2 kobold demonologists (Bailey)
  An efreet (D:14)
  5 rime drakes
  12 komodo dragons
  A yaktaur (D:12)
  2 freezing wraiths
  9 polar bears
  3 trolls
  3 jumping spiders (Lair:3)
  A wind drake (shapeshifter) (D:14)
  3 dream sheep (Lair:2)
  8 slime creatures
  14 blink frogs
  Sigmund (D:3)
  4 wraiths
  2 shadows
  A vampire (D:13)
  A tarantella (shapeshifter) (D:14)
  6 wyverns
  3 basilisks
  16 yaks
  Menkaure (D:6)
  4 steam dragons
  4 vampire mosquitoes (D:14)
  2 acid dragons
  2 wargs
  8 water moccasins
  A swamp drake (Lair:6)
  An ice beast (D:6)
  Duvessa (D:4)
  24 orc warriors
  A hornet zombie (D:7)
  2 sky beasts
  4 black bears
  8 ogres
  3 necrophages
  20 wolves
  11 centaurs
  3 lemures (D:6)
  2 phantoms
  15 bullfrogs
  A kobold brigand (D:9)
  3 gnoll sergeants
  2 scorpions
  2 wyvern zombies
  A wyvern skeleton (D:6)
  Dowan (D:4)
  5 wights
  2 vampire bats (D:10)
  6 electric eels
  3 howler monkeys
  5 jellies
  7 centaur zombies
  3 hounds (D:6)
  A gnoll shaman (D:7)
  8 orc priests
  5 bullfrog skeletons
  A centaur skeleton (D:5)
  Ijyb (D:3)
  8 hell rats
  Natasha (twice) (D:3)
  10 iguanas
  39 orc wizards
  A killer bee zombie (D:9)
  A hound skeleton (D:4)
  2 howler monkey zombies
  18 gnolls
  5 adders
  8 white imps (D:13)
  An ufetubus (D:7)
  A worm (D:2)
  A dart slug (D:4)
  81 orcs
  5 bats
  5 bat skeletons (D:10)
  A bat zombie (D:10)
  9 endoplasms
  5 giant cockroaches
  14 goblins
  15 hobgoblins
  3 jackals (D:1)
  2 quokkas
  4 ball pythons
  6 frilled lizards
  8 kobolds
  3 rats
  A foxfire (Bailey)
633 creatures vanquished.

Vanquished Creatures (collateral kills)
  Josephine (Lair:4)
  A fire dragon (Lair:6)
  2 hydras
  A two-headed ogre (D:14)
  10 death yaks
  An ugly thing (D:13)
  2 cyclopes
  A centaur zombie (D:11)
  A cane toad (Lair:3)
  A troll (D:13)
  4 polar bears (IceCv)
  3 blink frogs (Lair:3)
  A wraith (Lair:4)
  13 yaks
  A water moccasin (Lair:5)
  An orc warrior (D:11)
  6 wolves (IceCv)
  A centaur (D:11)
  A kobold brigand (D:10)
  2 bullfrogs
  3 wights (D:10)
  A hell rat (D:11)
  A gnoll (D:11)
  4 white imps (D:13)
  2 orcs
  7 foxfires
72 creatures vanquished.

Vanquished Creatures (others)
  An unseen horror (D:12)
  1701 foxfires
  26 fungi
  74 plants
1802 creatures vanquished.

Grand Total: 2507 creatures vanquished

Notes
Turn   | Place    | Note
-------+----------+-------------------------------------------
     0 | D:1      | Hipnos the Deep Elf Ice Elementalist began the quest for
                  | the Orb.
     0 | D:1      | Reached XP level 1. HP: 10/10 MP: 6/6
   273 | D:1      | Reached XP level 2. HP: 12/15 MP: 5/8
   607 | D:1      | Reached skill level 5 in Ice Magic
  1002 | D:1      | Found a faded altar of an unknown god.
  1125 | D:2      | Reached XP level 3. HP: 16/19 MP: 3/10
  1360 | D:2      | Learned a level 3 spell: Frozen Ramparts
  1364 | D:2      | Learned a level 3 spell: Ozocubu's Armour
  1640 | D:2      | Reached skill level 4 in Spellcasting
  2157 | D:3      | Found a radiant altar of Vehumet.
  2167 | D:3      | Noticed Sigmund
  2172 | D:3      | Became a worshipper of Vehumet
  2184 | D:3      | Killed Sigmund
  2185 | D:3      | Reached skill level 1 in Short Blades
  2185 | D:3      | Reached skill level 5 in Spellcasting
  2185 | D:3      | Reached XP level 4. HP: 6/24 MP: 0/13
  2185 | D:3      | Reached XP level 5. HP: 7/28 MP: 0/15
  2645 | D:3      | Noticed Natasha
  2657 | D:3      | Killed Natasha
  2658 | D:3      | Reached XP level 6. HP: 16/32 MP: 16/16
  2780 | D:3      | Noticed Natasha
  2786 | D:3      | Killed Natasha
  2787 | D:3      | Reached skill level 6 in Spellcasting
  3172 | D:3      | Noticed Ijyb
  3181 | D:3      | Killed Ijyb
  3520 | D:3      | Learned a level 4 spell: Hailstorm
  3525 | D:3      | Learned a level 4 spell: Dispel Undead
  4000 | D:4      | Reached * piety under Vehumet
  4000 | D:4      | Offered knowledge of Foxfire by Vehumet.
  4001 | D:4      | Reached skill level 1 in Conjurations
  4004 | D:4      | Learned a level 1 spell: Foxfire
  4280 | D:4      | Reached skill level 7 in Spellcasting
  4280 | D:4      | Reached XP level 7. HP: 35/37 MP: 19/19
  4514 | D:4      | Noticed Dowan
  4524 | D:4      | Killed Dowan
  4563 | D:4      | Noticed Duvessa
  4572 | D:4      | Killed Duvessa
  5062 | D:5      | Entered Level 5 of the Dungeon
  5152 | D:5      | Reached skill level 8 in Spellcasting
  5210 | D:5      | Reached XP level 8. HP: 42/42 MP: 22/22
  5233 | D:5      | Identified the +3 chain mail "Keophats" {Fly Str+3 Dex-4}
  5634 | D:5      | Reached skill level 1 in Fire Magic
  5663 | D:5      | Found a bloodstained altar of Trog.
  5710 | D:5      | Found a white marble altar of Elyvilon.
  5722 | D:5      | Found a shimmering altar of Xom.
  5760 | D:5      | Reached skill level 1 in Fighting
  5819 | D:5      | Found a staircase to the Ecumenical Temple.
  5876 | D:5      | Found a sacrificial altar of Ru.
  6144 | D:6      | Noticed Menkaure
  6154 | D:6      | Killed Menkaure
  6155 | D:6      | Reached skill level 9 in Spellcasting
  6359 | D:6      | Reached ** piety under Vehumet
  6359 | D:6      | Offered knowledge of Sandblast by Vehumet.
  6480 | D:6      | Noticed Pikel
  6496 | D:6      | Killed Pikel
  6497 | D:6      | Reached skill level 5 in Conjurations
  6828 | D:6      | Reached XP level 9. HP: 47/47 MP: 24/24
  7025 | D:6      | Reached skill level 10 in Spellcasting
  8574 | D:7      | Reached skill level 11 in Spellcasting
  8597 | D:7      | Offered knowledge of Scorch by Vehumet.
  8601 | D:7      | Learned a level 2 spell: Scorch
  8877 | D:7      | Reached *** piety under Vehumet
  9292 | D:7      | Learned a level 3 spell: Dazzling Flash
  9575 | D:7      | Found a glowing silver altar of Zin.
  9764 | D:8      | Reached XP level 10. HP: 52/52 MP: 25/27
  9964 | D:8      | Offered knowledge of Airstrike by Vehumet.
  9972 | D:8      | Learned a level 4 spell: Airstrike
 10142 | D:8      | Identified the +1 pair of boots of Cinon {-Tele +Inv Dex+4}
 10678 | D:8      | Reached skill level 12 in Spellcasting
 11429 | D:9      | Reached skill level 5 in Fire Magic
 11544 | D:9      | Noticed Gastronok
 11564 | D:9      | Killed Gastronok
 11595 | D:9      | Found a flagged portal.
 11626 | Bailey   | Entered a bailey
 11787 | Bailey   | Noticed an orc knight
 11795 | Bailey   | Killed an orc knight
 11965 | Bailey   | Reached skill level 13 in Spellcasting
 12079 | Bailey   | Found an iron altar of Okawaru.
 12309 | Bailey   | Reached **** piety under Vehumet
 12349 | Bailey   | Identified the +2 morningstar "Lot Gyfo" {flame, rC+ Dex+4}
 12351 | Bailey   | Identified the +3 falchion of the Shallot {vamp, rN+}
 12544 | Bailey   | Reached skill level 1 in Air Magic
 12904 | Bailey   | Acquired Hipnos's Reference Book on Hurtful Companions
 12913 | Bailey   | Learned a level 4 spell: Flame Wave
 12920 | Bailey   | Learned a level 6 spell: Starburst
 12958 | D:9      | Noticed a two-headed ogre
 12962 | D:9      | Killed a two-headed ogre
 12963 | D:9      | Reached XP level 11. HP: 56/56 MP: 19/30
 13053 | D:9      | Noticed Joseph
 13060 | D:9      | Killed Joseph
 13061 | D:9      | Reached skill level 10 in Ice Magic
 13246 | D:9      | Offered knowledge of Inner Flame by Vehumet.
 13488 | D:9      | Reached skill level 14 in Spellcasting
 13962 | D:9      | Found a staircase to the Orcish Mines.
 14055 | D:9      | Noticed Maggie
 14063 | D:9      | Killed Maggie
 14203 | D:9      | Found a hide-covered altar of Uskayaw.
 14358 | Orc:1    | Entered Level 1 of the Orcish Mines
 14382 | Orc:1    | Noticed an orc knight
 14391 | Orc:1    | Killed an orc knight
 14595 | Orc:1    | Noticed an orc knight
 14600 | Orc:1    | Killed an orc knight
 14994 | Orc:1    | Reached ***** piety under Vehumet
 14994 | Orc:1    | Offered knowledge of Spellforged Servitor by Vehumet.
 14997 | Orc:1    | Noticed an orc sorcerer
 15001 | Orc:1    | Killed an orc sorcerer
 15002 | Orc:1    | Reached skill level 15 in Spellcasting
 15002 | Orc:1    | Reached skill level 10 in Conjurations
 15592 | Orc:2    | Entered Level 2 of the Orcish Mines
 15697 | Orc:2    | Found a staircase to the Elven Halls.
 15972 | Orc:2    | Found Adaf's Antique Armour Boutique.
 15989 | Orc:2    | Bought a pair of boots for 126 gold pieces
 16161 | Orc:2    | Noticed an orc knight
 16167 | Orc:2    | Killed an orc knight
 16356 | Orc:2    | Noticed an ogre mage
 16356 | Orc:2    | Noticed an orc sorcerer
 16359 | Orc:2    | Killed an orc sorcerer
 16360 | Orc:2    | Killed an ogre mage
 16398 | Orc:2    | Reached XP level 12. HP: 61/61 MP: 18/33
 16406 | Orc:2    | Learned a level 7 spell: Spellforged Servitor
 16496 | Orc:2    | Reached skill level 16 in Spellcasting
 16654 | Orc:2    | Found Gus Udoczy's Book Emporium.
 16661 | Orc:2    | Bought a book of Burglary for 196 gold pieces
 16674 | Orc:2    | Found a radiant altar of Vehumet.
 16676 | Orc:2    | Noticed an ogre mage
 16688 | Orc:2    | Killed an ogre mage
 17181 | Orc:2    | Found an ancient bone altar of Kikubaaqudgha.
 17208 | Orc:2    | Found Beneaj's Antique Weapon Shoppe.
 17457 | Orc:2    | Found Seist's Distillery.
 17458 | Orc:2    | Found Zekk's Jewellery Emporium.
 17467 | Orc:2    | Bought the ring of the Mage {Wiz Will++ Int+3} for 620 gold
                  | pieces
 17467 | Orc:2    | Found the ring of the Mage {Wiz Will++ Int+3}
 17483 | Orc:2    | Bought a potion of magic for 104 gold pieces
 17483 | Orc:2    | Bought a potion of magic for 104 gold pieces
 17624 | D:10     | Entered Level 10 of the Dungeon
 17815 | D:10     | Noticed a centaur warrior
 17818 | D:10     | Killed a centaur warrior
 17835 | D:10     | HP: 2/61 [orc knight (19)]
 18042 | D:10     | Noticed a two-headed ogre
 18046 | D:10     | Killed a two-headed ogre
 18056 | D:10     | Reached skill level 17 in Spellcasting
 18258 | D:10     | Learned a level 3 spell: Swiftness
 18340 | D:10     | Found an ancient bone altar of Kikubaaqudgha.
 18949 | D:10     | Found a portal to a secret trove of treasure.
 19368 | D:10     | Found a faded altar of an unknown god.
 19481 | D:10     | Found a hazy altar of Hepliaklqana.
 19657 | D:11     | Found a staircase to the Lair.
 19657 | D:11     | Noticed a death yak
 19661 | D:11     | Noticed a death yak
 19661 | D:11     | Noticed a death yak
 19665 | D:11     | Killed a death yak
 19666 | D:11     | Reached skill level 1 in Summonings
 19666 | D:11     | Killed a death yak
 19668 | D:11     | Killed a death yak
 19668 | D:11     | Offered knowledge of Olgreb's Toxic Radiance by Vehumet.
 20009 | D:11     | Reached XP level 13. HP: 49/65 MP: 13/36
 20143 | D:11     | Reached skill level 18 in Spellcasting
 22102 | Lair:1   | Entered Level 1 of the Lair of Beasts
 23064 | Lair:2   | Identified the +1 war axe of Kismet {flame, *Rage Fly rF+++
                  | Dex-3}
 23080 | Lair:2   | Identified the +3 leather armour of the Wasteland {+Blink
                  | rPois rF+ rC-}
 23202 | Lair:2   | Reached skill level 19 in Spellcasting
 23663 | Lair:2   | Noticed Fannar
 23670 | Lair:2   | Killed Fannar
 24069 | Lair:2   | Found a staircase to the Swamp.
 24293 | Lair:2   | Reached skill level 5 in Summonings
 24916 | Lair:3   | Reached XP level 14. HP: 34/71 MP: 23/39
 25230 | Lair:3   | Offered knowledge of Lightning Bolt by Vehumet.
 25239 | Lair:3   | Learned a level 7 spell: Orb of Destruction
 25383 | Lair:3   | Reached skill level 10 in Fire Magic
 25829 | Lair:3   | Reached skill level 20 in Spellcasting
 25838 | Lair:3   | Reached skill level 5 in Dodging
 25956 | Lair:3   | Found a hole to the Spider Nest.
 26518 | Lair:4   | Learned a level 5 spell: Lightning Bolt
 26567 | Lair:4   | Noticed Josephine
 26575 | Lair:4   | Killed Josephine
 27791 | Lair:4   | Found a runed translucent gate.
 27791 | Lair:4   | Found a runed translucent gate.
 27791 | Lair:4   | Noticed an azure jelly
 27791 | Lair:4   | Noticed an acid blob
 27791 | Lair:4   | Noticed an azure jelly
 27791 | Lair:4   | Noticed an azure jelly
 27792 | Lair:4   | Found a runed translucent gate.
 27792 | Lair:4   | Noticed an azure jelly
 27792 | Lair:4   | Noticed an azure jelly
 27792 | Lair:4   | Noticed Atont's ghost (journeyman DDFi)
 27792 | Lair:4   | Noticed an acid blob
 27792 | Lair:4   | Noticed an acid blob
 27792 | Lair:4   | Noticed an acid blob
 27792 | Lair:4   | Noticed an acid blob
 27792 | Lair:4   | Noticed a quicksilver ooze
 27792 | Lair:4   | Noticed an azure jelly
 27792 | Lair:4   | Noticed a quicksilver ooze
 27793 | Lair:4   | Noticed an acid blob
 27808 | Lair:4   | Found a viscous altar of Jiyva.
 28635 | Lair:5   | Noticed Nessos
 28638 | Lair:5   | Reached skill level 21 in Spellcasting
 28638 | Lair:5   | Killed Nessos
 28972 | Lair:5   | Found a staircase to the Slime Pits.
 29564 | Lair:6   | Entered Level 6 of the Lair of Beasts
 29583 | Lair:6   | Offered knowledge of Iron Shot by Vehumet.
 30028 | Lair:6   | Reached XP level 15. HP: 71/76 MP: 27/42
 31074 | D:13     | Found a frozen archway.
 31089 | IceCv    | Entered an ice cave
 31801 | IceCv    | Identified the +0 kite shield of Nagak {rC+}
 32587 | IceCv    | Offered knowledge of Lee's Rapid Deconstruction by Vehumet.
 32831 | IceCv    | Noticed a frost giant
 32849 | IceCv    | Reached skill level 22 in Spellcasting
 32870 | IceCv    | Killed a frost giant
 33305 | D:13     | Identified the +1 plate armour of Conscience {Fly rF+ rC-
                  | Dex+5}
 33988 | D:14     | Reached skill level 1 in Shields
 33992 | D:14     | Reached skill level 1 in Armour
 34005 | D:14     | Hit by a large rock thrown by a cyclops

Illustrated notes

Levels and vault maps discovered:
D:1:      dpeg_arrival_ternary, layout_basic,
          hellmonk_ecumenical_altar_pennies_from_heaven
D:2:      layout_rooms, serial_park_tiny_2, grunt_decor_arrowhead
D:3:      layout_basic, vehumet_altar_wand_db, grunt_decor_cap, uniq_sigmund,
          uniq_ijyb, uniq_natasha
D:4:      layout_loops_ring, uniq_duvessa
D:5:      layout_rooms, nicolae_overflow_quartered_altars,
          minmay_temple_entry_gardened_gates
D:6:      minmay_chambers_of_threes, layout_layer_cave, uniq_pikel,
          uniq_menkaure
D:7:      layout_loops_ring, zin_academy
D:8:      layout_layer_cave, minmay_misc_feat_plants
D:9:      layout_roguey, nicolae_uskayaw_dance_studio, orc_0_dummy,
          enter_bailey_4, roderic_roman_lattice, minmay_sticks_and_stones,
          uniq_gastronok, uniq_maggie
D:10:     minmay_ornate_pinched, layout_loops_ring,
          beargit_hepliaklqana_dungeon_heroes, kennysheep_vampire_church,
          nicolae_trove_entry_diagonal
D:11:     layout_loops_ring, dpeg_lair_monsters
D:12:     layout_roguey
D:13:     layout_irregular_city, portal_ice_cave_entry_imps
D:14:     layout_cave_pools, david_vaults_2, serial_column_ruins,
          column_ruins_hut, column_ruins_corridor_straight,
          column_ruins_open_medium, column_ruins_corridor_straight,
          column_ruins_open_large, column_ruins_open_small,
          column_ruins_open_small, column_ruins_open_large, serial_shops,
          shop_statue, nicolae_qazlal_general_emergency, drop_trap
Lair:1:   layout_hall_layers, grunt_megastairs_3, infiniplex_staircase_pool
Lair:2:   cheibrodos_lair_river_kwai, layout_small_grid,
          minmay_swamp_entry_reptiles, uniq_fannar
Lair:3:   layout_cave_shapes, spider_nest_entry_a, grunt_megastairs_4
Lair:4:   layout_regular_city, gammafunk_ghost_ooze, serial_bayou,
          serial_bayou_shore_b, serial_bayou_pond_b, serial_bayou_lagoon_b,
          serial_bayou_lake_a, gauntlet_entry_generic,
          infiniplex_staircase_pool_2, uniq_josephine
Lair:5:   layout_hall_layers, minmay_slime_entry_pillars, beast_lair_carwin_10,
          grunt_megastairs_1, uniq_nessos
Lair:6:   guppyfry_lair_end_dragon, layout_hall_layers
Orc:1:    layout_caves, nicolae_orc_pool_cavern
Orc:2:    kennysheep_orc_mage_school, layout_diamond_mine, serial_shops, shop

Skill      XL: |  1  2  3  4  5  6  7  8  9 10 11 12 13 14 15 |
---------------+----------------------------------------------+-----
Ice Magic      | 5 6 7 8 9 10 11 12 13 14 | 14.6
Spellcasting   | 5 7 8 9 11 13 15 17 19 21 22 | 22.3
Short Blades   | 1 |  1.0
Conjurations   | 1 2 5 7 9 10 12 13 14 | 14.0
Dodging        | 3 4 5 |  5.6
Fire Magic     | 3 4 5 6 8 9 10 11 | 11.5
Fighting       | 1 2 |  2.1
Air Magic      | 1 2 |  2.0
Summonings     | 2 5 6 |  6.0
Shields        | 1 |  1.1
Armour         | 1 |  1.4
Stealth        | |  2.4
Necromancy     | |  0.5

Action                   |  1- 3 |  4- 6 |  7- 9 | 10-12 | 13-15 || total
-------------------------+-------+-------+-------+-------+-------++-------
Melee: Unarmed           |     1 |       |       |       |       ||     1
       Dagger            |    10 |    47 |     1 |       |       ||    58
       Rapier            |       |       |    27 |       |       ||    27
       Staff             |       |       |       |    20 |    52 ||    72
 Cast: Freeze            |    63 |    30 |    23 |    40 |    24 ||   180
       Frozen Ramparts   |     2 |     6 |    15 |    23 |    16 ||    62
       Ozocubu's Armour  |     1 |     6 |    11 |    22 |    28 ||    68
       Foxfire           |       |     2 |   319 |   499 |   210 ||  1030
       Hailstorm         |       |       |    10 |    54 |    22 ||    86
       Dispel Undead     |       |       |     1 |     4 |       ||     5
       Airstrike         |       |       |       |    74 |    35 ||   109
       Scorch            |       |       |       |    31 |   148 ||   179
       Starburst         |       |       |       |    31 |    63 ||    94
       Flame Wave        |       |       |       |     1 |       ||     1
       Spellforged Servi |       |       |       |     5 |    19 ||    24
       Dazzling Flash    |       |       |       |     1 |       ||     1
       Orb of Destructio |       |       |       |       |    81 ||    81
       Lightning Bolt    |       |       |       |       |    41 ||    41
       Swiftness         |       |       |       |       |     1 ||     1
Evoke: Wand              |       |       |       |     5 |    11 ||    16
  Use: Scroll            |       |       |       |    17 |    13 ||    30
       Potion            |       |       |       |     5 |     9 ||    14
 Stab: Sleeping          |     1 |       |       |       |       ||     1
Armor: Robe              |    16 |    27 |    28 |    35 |   137 ||   243
       Leather armour    |       |       |       |       |     3 ||     3
Dodge: Dodged            |    43 |    47 |    51 |    88 |   230 ||   459
Block: Kite shield       |       |       |       |       |     5 ||     5

Table legend: (Time is in decaauts)
 A = Elapsed time spent in this place.
 B = Non-inter-level travel time spent in this place.
 C = Inter-level travel time spent in this place.
 D = Time resting spent in this place.
 E = Time spent auto-exploring this place.
 F = Levels seen in this place.
 G = Mean time per level.
                   A        B        C        D        E       F      G
               +--------+--------+--------+--------+--------+-----+--------+
         Total |  34127 |  33268 |    859 |      0 |  28775 |  24 | 1422.0 |
       Dungeon |  18440 |  17855 |    585 |      0 |  15636 |  14 | 1317.1 |
          Lair |   8895 |   8719 |    176 |      0 |   7731 |   6 | 1482.5 |
  Orcish Mines |   3260 |   3163 |     97 |      0 |   2667 |   2 | 1630.0 |
        Bailey |   1339 |   1339 |      0 |      0 |    964 |   1 | 1339.0 |
      Ice Cave |   2192 |   2192 |      0 |      0 |   1775 |   1 | 2192.0 |
               +--------+--------+--------+--------+--------+-----+--------+

Top non-repeatable levels by time:
     D:6: 2496 daAuts
   IceCv: 2192 daAuts
  Lair:2: 2138 daAuts
  Lair:4: 2095 daAuts
    D:10: 2028 daAuts
   Orc:2: 2010 daAuts
     D:8: 1685 daAuts
     D:3: 1661 daAuts
     D:9: 1625 daAuts
     D:4: 1483 daAuts
    D:11: 1342 daAuts
  Bailey: 1339 daAuts
  Lair:3: 1331 daAuts
  Lair:6: 1284 daAuts
   Orc:1: 1249 daAuts
